Cogmind - Beta 15 @@@ ROGUE MODE // 2025.07.24 @ 23:03:40 Player: lvl5hm Result: Self-destructed Performance ------------- Evolutions (1) 500 Regions Visited (4) 800 Robots Destroyed (1) 5 Value Destroyed (20) 20 Prototype IDs (1) 20 Alien Tech Used (0) 0 Bonus (200) 200 TOTAL SCORE: 1545 Bonus ------- Pacifist 200 Cogmind --------- Core Integrity 61/400 Matter 220/300 Energy 90/100 System Corruption 0% Temperature Cool (0) Movement Core (100) Ox1 Location -9/Mines Parts ------- > --- POWER (1) -------- (None) > --- PROPULSION (4) --- Faulty Improved Flight Unit > --- UTILITY (2) ------ Signal Interpreter > --- WEAPON (2) ------- Rocket Launcher > --- INVENTORY (5) ---- Hacking Suite Hacking Suite Hacking Suite Hacking Suite Peak State ------------ > --- POWER ------------ (None) > --- PROPULSION ------- Improved Flight Unit > --- UTILITY ---------- Signal Interpreter > --- WEAPON ----------- Rocket Launcher > --- INVENTORY -------- Hacking Suite Hacking Suite Hacking Suite Hacking Suite [Rating: 7] Favorites ----------- Power None Propulsion Light Treads Treads Light Treads Hover Unit Hover Unit Flight Unit Improved Flight Unit Utility Signal Interpreter Processor Signal Interpreter Weapon Rocket Launcher Launcher Rocket Launcher Build | -11 -10 -10 -9 -9 ------- Run | Yrd Mat Min Mat Min Slots Evolved 2 | . . . 2 . Power . | . . . . . Propulsion 2 | . . . 2 . Utility . | . . . . . Weapon . | . . . . . Parts Attached 7 | 2 1 . 4 . Power . | . . . . . Engine . | . . . . . Core . | . . . . . Reactor . | . . . . . Propulsion 4 | 2 1 . 1 . Treads 2 | 2 . . . . Leg . | . . . . . Wheel . | . . . . . Hover 1 | . 1 . . . Flight 1 | . . . 1 . Utility 2 | . . . 2 . Device . | . . . . . Storage . | . . . . . Processor 2 | . . . 2 . Hackware . | . . . . . Protection . | . . . . . Artifact . | . . . . . Weapon 1 | . . . 1 . Energy Gun . | . . . . . Energy Cannon . | . . . . . Ballistic Gun . | . . . . . Ballistic Cannon . | . . . . . Launcher 1 | . . . 1 . Special Weapon . | . . . . . Impact Weapon . | . . . . . Slashing Weapon . | . . . . . Piercing Weapon . | . . . . . Special Melee Weapon . | . . . . . Unidentified Prototypes 1 | . . . 1 . Parts Lost . | . . . . . Power . | . . . . . Propulsion . | . . . . . Utility . | . . . . . Weapon . | . . . . . Highest Loss Streak . | . . . . . To Critical Strikes . | . . . . . Average Backups 4 | . 3 5 4 5 Power . | . 1 1 . . Propulsion . | . . 2 . . Utility 2 | . . 1 3 4 Weapon . | . . 1 . 1 Tool/Special . | . . . . . Unused Backups 7 | . . . 3 4 Power 1 | . . . 1 . Propulsion . | . . . . . Utility 5 | . . . 1 4 Weapon 1 | . . . 1 . Tool/Special . | . . . . . Average Slot Usage (%) 20 | . 23 7 20 22 Treads 5 | . 18 . . . Hover 1 | . 4 7 . . Flight 3 | . . . 4 11 Processor 10 | . . . 15 11 Peak Build Rating 7 | 2 2 1 7 7 Average Rating 3 | 1 1 . 3 5 On Entrance 1 | . 2 1 . 5 Naked Turns 36 | . . 9 27 . Heaviest Build 4 | . . . 4 . Greatest Support 20 | 20 6 6 3 3 Greatest Overweight (x) 1 | . . . 1 . Average Overweight (x) . | . . . . . Largest Inventory Capacity 5 | 5 5 5 5 5 Average Capacity 5 | 5 5 5 5 5 Most Carried 5 | 1 5 5 5 5 Average Carried 4 | . 3 5 4 4 Final Capacity 5 | 5 5 5 5 5 Final Carried 5 | 1 5 5 5 4 Class Distribution -------------------- 100% | Mutant Dominant Class ---------------- Mutant | -10/Materials Mutant | -10/Mines Mutant | -9/Materials Mutant | -9/Mines Resources | -11 -10 -10 -9 -9 ----------- Run | Yrd Mat Min Mat Min Matter Collected 220 | 220 . . . . Remotely . | . . . . . Salvage Created 11 | . . . . 11 Parts 1 | . . . . 1 Haulers Intercepted . | . . . . . Recyclers Shooed . | . . . . . Parts Field Recycled . | . . . . . Retrieved Matter . | . . . . . Parts Self-Destructed . | . . . . . Prevented . | . . . . . Kills | -11 -10 -10 -9 -9 ------- Run | Yrd Mat Min Mat Min Combat Hostiles Destroyed 1 | . . . . 1 AOE 1 | . . . . 1 Classes Destroyed 1 | . . . . 1 Swarmer 1 | . . . . 1 Best Kill Streak 1 | . . . . 1 Combat Bots Only 1 | . . . . 1 Max Kills in Single Turn 1 | . . . . 1 Gunslinging . | . . . . . Exploded 1 | . . . . 1 Melee . | . . . . . Uniques/NPCs Destroyed . | . . . . . Combat | -11 -10 -10 -9 -9 -------- Run | Yrd Mat Min Mat Min Hostile Shots Fired 84 | . 16 . 41 27 Missed 41 | . 10 . 20 11 Hits 43 | . 6 . 21 16 Projectile 43 | . 6 . 21 16 Critical Strikes 1 | . . . 1 . Damage Taken 471 | . 58 . 224 189 Core 377 | . 38 . 181 158 Absorbed by Shields . | . . . . . Core Remaining (%) 92 | 100 . 84 . . Volleys Fired 2 | . . . 1 1 Largest 1 | . . . 1 1 Hottest 33 | . . . 33 33 Shots Fired 2 | . . . 1 1 Gun . | . . . . . Cannon . | . . . . . Launcher 2 | . . . 1 1 Special . | . . . . . Kinetic . | . . . . . Thermal . | . . . . . Explosive 2 | . . . 1 1 Electromagnetic . | . . . . . Robot Hit Streak . | . . . . . Robot Miss Streak . | . . . . . Penetration Max . | . . . . . Secondary Targets . | . . . . . Shots Hit Robots . | . . . . . Core Hits 1 | . . . . 1 Critical Kills . | . . . . . Critical Parts Destroyed . | . . . . . Critical Strikes . | . . . . . Melee Attacks . | . . . . . Impact . | . . . . . Slashing . | . . . . . Piercing . | . . . . . Sneak Attacks . | . . . . . Combat Hostiles . | . . . . . Follow-up Attacks . | . . . . . Damage Inflicted 47 | . . . 5 42 Guns . | . . . . . Cannons . | . . . . . Explosions 42 | . . . . 42 Melee . | . . . . . Ramming 5 | . . . 5 . Kinetic . | . . . . . Thermal . | . . . . . Explosive 42 | . . . . 42 Electromagnetic . | . . . . . Impact . | . . . . . Slashing . | . . . . . Piercing . | . . . . . Highest Corruption . | . . . . . Average Corruption . | . . . . . Corruption Purged . | . . . . . Corruption Blocked . | . . . . . Overload Shots . | . . . . . Overflow Damage . | . . . . . Projectiles . | . . . . . Explosions . | . . . . . Melee . | . . . . . Knockbacks . | . . . . . Impact . | . . . . . Kinetic . | . . . . . Secondary . | . . . . . Self-Inflicted Damage 76 | . . . 25 51 Shots 2 | . . . 1 1 Rammed 1 | . . . 1 . Targets Rammed 1 | . . . 1 . Kicked . | . . . . . Crushed . | . . . . . Highest Temperature 15 | . . . 15 . Average Temperature 15 | . . . 15 . Received Heat Transfer 93 | . 12 . 60 21 Siege Activations . | . . . . . Martial Activations . | . . . . . Shielding Activations . | . . . . . Robots Disrupted . | . . . . . Combat Hostiles . | . . . . . Robots Corrupted . | . . . . . Combat Hostiles . | . . . . . Parts Fried . | . . . . . Impact Corruptions . | . . . . . Robots Melted . | . . . . . Combat Hostiles . | . . . . . Parts Melted . | . . . . . Heat Transferred . | . . . . . Parts Sabotaged . | . . . . . Parts Stolen . | . . . . . Parts Stripped . | . . . . . Power Chain Reactions . | . . . . . Alert | -11 -10 -10 -9 -9 ------- Run | Yrd Mat Min Mat Min Maximum Alert Level . | . . . . . Low Security (%) 100 | 100 100 100 100 100 Level 1 . | . . . . . Level 2 . | . . . . . Level 3 . | . . . . . Level 4 . | . . . . . Level 5 . | . . . . . High Security . | . . . . . Max Security . | . . . . . Peak Influence 118 | . 15 5 118 62 Initial 42 | . . 5 1 42 Average 21 | . . 5 32 34 Influence Increases 255 | . 22 . 193 40 Destroy 0b10 Robot/C 20 | . . . . 20 Destroy Leader 10 | . . . . 10 Successful Hack 15 | . 7 . 8 . Disable Machine 15 | . . . 15 . Destroy Structure 15 | . . . 5 10 Partial Spotted 30 | . . . 30 . Lose Combat Pursuer 150 | . 15 . 135 . Influence Decreases 193 | . 7 10 90 86 Entered New Map 80 | . . 10 4 66 Time Decay 113 | . 7 . 86 20 Squads Dispatched 6 | . 2 . 4 . Investigation 2 | . 1 . 1 . Extermination . | . . . . . Reinforcement 4 | . 1 . 3 . Assault . | . . . . . Garrison . | . . . . . Intercept . | . . . . . Searches Triggered . | . . . . . Construction Impeded . | . . . . . Haulers Reinforced . | . . . . . Active Scanning Responses . | . . . . . Cargo Convoy Interrupts . | . . . . . Stealth | -11 -10 -10 -9 -9 --------- Run | Yrd Mat Min Mat Min Distress Signals 1 | . . . 1 . Communications Jammed . | . . . . . Distress Signals . | . . . . . Times Spotted 32 | . 9 . 15 8 Peak Tracking Total 8 | . 7 . 8 8 Tactical Retreats 5 | . 1 . 4 . Traps | -11 -10 -10 -9 -9 ------- Run | Yrd Mat Min Mat Min Traps Triggered 2 | . 1 . 1 . Indirectly . | . . . . . Trap Hack Attempts . | . . . . . Triggered . | . . . . . Disarmed . | . . . . . Reprogrammed . | . . . . . Reused . | . . . . . Traps Extracted . | . . . . . Installed . | . . . . . Triggered . | . . . . . Machines | -11 -10 -10 -9 -9 ---------- Run | Yrd Mat Min Mat Min Machines Disabled 1 | . . . 1 . Max in Single Turn 1 | . . . 1 . Machines Repaired . | . . . . . Machines Dismantled . | . . . . . Machines Sabotaged . | . . . . . Overloaded Fab Kills . | . . . . . Hacking | -11 -10 -10 -9 -9 --------- Run | Yrd Mat Min Mat Min Machines Accessed 7 | . 3 . 4 . Terminals 7 | . 3 . 4 . Fabricators . | . . . . . Repair Stations . | . . . . . Recycling Units . | . . . . . Scanalyzers . | . . . . . Garrison Access . | . . . . . Total Hacks 15 | . 7 . 8 . Successful 6 | . 2 . 4 . Failed 9 | . 5 . 4 . Catastrophic 3 | . 1 . 2 . Database Lockouts . | . . . . . Manual 14 | . 7 . 7 . Terminals 15 | . 7 . 8 . Fabricators . | . . . . . Repair Stations . | . . . . . Recycling Units . | . . . . . Scanalyzers . | . . . . . Garrison Access . | . . . . . Terminal Hacks 4 | . 1 . 3 . Branch Access Points 2 | . 1 . 1 . Recall Investigation 1 | . . . 1 . Zone Layout 1 | . . . 1 . Fabricator Hacks . | . . . . . Repair Station Hacks . | . . . . . Recycling Unit Hacks . | . . . . . Scanalyzer . | . . . . . Garrison Access Hacks . | . . . . . Unauthorized Hacks 2 | . 1 . 1 . Terminals 2 | . 1 . 1 . Botnet 2 | . 1 . 1 . Fabricators . | . . . . . Repair Stations . | . . . . . Recycling Units . | . . . . . Scanalyzers . | . . . . . Garrison Access . | . . . . . Data Cores Recovered . | . . . . . Used . | . . . . . Hacking Detections 6 | . 3 . 3 . Full Trace Events . | . . . . . Feedback Events . | . . . . . Feedback Blocked . | . . . . . Robot Schematics Acquired . | . . . . . Robots Built . | . . . . . Authchips . | . . . . . Time . | . . . . . Total Robot Build Rating . | . . . . . Part Schematics Acquired . | . . . . . Parts Built . | . . . . . Authchips . | . . . . . Time . | . . . . . Total Part Build Rating . | . . . . . Parts Repaired . | . . . . . Time . | . . . . . Parts Recycled . | . . . . . Recycled Matter . | . . . . . Retrieved Matter . | . . . . . Retrieved Components . | . . . . . Parts Scanalyzed . | . . . . . Part Schematics Acquired . | . . . . . Parts Damaged . | . . . . . Bothacking | -11 -10 -10 -9 -9 ------------ Run | Yrd Mat Min Mat Min Used RIF Installer . | . . . . . Robots Hacked . | . . . . . Non-combat . | . . . . . Combat . | . . . . . Robot Hacks Applied . | . . . . . Relay Couplers Released . | . . . . . Fabnet Peak Effective % . | . . . . . Robots Rewired . | . . . . . Allies Hacked . | . . . . . Hacks Repelled . | . . . . . Allies | -11 -10 -10 -9 -9 -------- Run | Yrd Mat Min Mat Min Total Allies . | . . . . . Largest Group . | . . . . . Highest-Rated Group . | . . . . . Highest-Rated Ally . | . . . . . Total Orders . | . . . . . Ally Attacks . | . . . . . Total Damage . | . . . . . Kills . | . . . . . Allies Corrupted . | . . . . . Allies Melted . | . . . . . Intel | -11 -10 -10 -9 -9 ------- Run | Yrd Mat Min Mat Min Active Infowar (turns) . | . . . . . Robot Analysis Total . | . . . . . Derelict Logs Recovered . | . . . . . Drone Launches . | . . . . . Drone Recoveries . | . . . . . Exploration | -11 -10 -10 -9 -9 ------------- Run | Yrd Mat Min Mat Min Turns Passed 422 | 26 104 17 226 49 Spaces Moved 740 | 41 188 28 393 90 Core 667 | 40 128 16 393 90 Treads 1 | 1 . . . . Legs . | . . . . . Wheels . | . . . . . Hover 72 | . 60 12 . . Flight . | . . . . . Fastest Speed 50 | 50 50 50 50 50 Average Speed 51 | 52 53 54 50 50 Slowest Speed 160 | 160 60 60 100 50 Overloaded Moves . | . . . . . Propulsion Burnouts . | . . . . . Robots Hopped . | . . . . . Potential Cave-ins . | . . . . . Cave-ins Triggered . | . . . . . Exploration Rate (%) 26 | 3 51 13 51 13 Regions Visited 4 Branch Regions 2 Pre-discovered Areas . | . . . . . Known Exits Taken 2 | . 1 . 1 . Unknown Exits Taken 2 | 1 . 1 . . Scrap Searched . | . . . . . Spaces Dug 17 | . . . 5 12 Terrain Destroyed 17 | . . . 5 12 Melee . | . . . . . Projectile . | . . . . . AOE 17 | . . . 5 12 Terrain Rammed . | . . . . . Walls Destroyed . | . . . . . Machines Disabled . | . . . . . Actions | -11 -10 -10 -9 -9 --------- Run | Yrd Mat Min Mat Min Total 780 | 43 192 29 423 93 Wait 15 | . . 1 13 1 Move 736 | 40 187 27 392 90 Hop . | . . . . . Pick Up 8 | 1 2 . 5 . Fast Attach 6 | 2 1 . 3 . Attach 2 | . . . 1 1 Detach 4 | . 2 . 2 . Swap . | . . . . . Drop 6 | . . 1 5 . Fire 2 | . . . 1 1 Melee . | . . . . . Ram 1 | . . . 1 . Kick . | . . . . . Crush . | . . . . . Escape Stasis . | . . . . . Rewire . | . . . . . Trap . | . . . . . Miscellaneous . | . . . . . Route ------- -11/Scrapyard -10/Materials -10/Mines -9/Materials (discovered 3 exits: [*Mat x2] / *Min) -9/Mines History --------- Turn | Location | Event 6 | -11/Scrapyard | Discovered new exit (range 15) 27 | -11/Scrapyard | Entered Materials 118 | -10/Materials | Identified exit to Mines 131 | -10/Materials | Entered Mines 143 | -10/Mines | Discovered new exit (range 8) 148 | -10/Mines | Entered Materials 148 | -9/Materials | Evolved 2 slots: Propulsion x2 273 | -9/Materials | Discovered new exit (range 6) 295 | -9/Materials | Identified exit to Mines 301 | -9/Materials | Build established: Mutant 322 | -9/Materials | Discovered new exit (range 14) 374 | -9/Materials | Entered Mines 376 | -9/Mines | Core integrity fell below 50% 423 | -9/Mines | Core integrity fell below 20% 423 | -9/Mines | Self-destructed Last Messages --------------- >>Recall(Investigation) Establishing remote squad link... Recalled investigation squad 9ZMZIV210I. 00322_ EXIT=FOUND >>Layout(Zone) Retrieving Zone 3L layout... Downloaded map data. 00327_ Atomic Centrifuge disabled. 00328_ The unstable cave ceiling collapses. 00328_ Critical hit (Burn: +37). 00331_ ALERT: Hostiles spotted, dispatching reinforcements to Terminal M012. 00346_ U-05 Engineer works on Matter Filter. LOCATION=MINES GOAL=ESCAPE Something is scanning the area. 00390_ Seismic Survey Station disabled. 00422_ S-10 Pest destroyed. 00423_ The unstable cave ceiling collapses. Map ----- +----------------------------------------------------+ | | | | | | | | | | | | | | | | | | | | | | | | | | | | | | | ?????????????????????????????????????????????????? | | ?????????????????????????????????????????????????? | | ?????????????????###########?????????????????????? | | ?????????????????# #?????????????????????? | | ?????????????????# """ """ #?????????????????????? | | ?????????????????# """ """ #?????????????????????? | | ?????????????????# """g""" #?????????????????????? | | ?????????????????# g #?????????????????????? | | ?????????????????## ### ####????????????????????? | | ??????????????????# ### #########?????????????? | | ??????????????????# @ %ss #?????????????? | | ??????????????????##### ### ##????????????? | | ??????????????????????# ###### ############## | | ??????????????????????#### | | ?????????????????????????# ##### ############## | | ???????????????????????????????## ##????????????? | | ????????????????????????????????####?????????????? | | ?????????????????????????????????????????????????? | | ?????????????????????????????????????????????????? | | ?????????????????????????????????????????????????? | | ?????????????????????????????????????????????????? | | ?????????????????????????????????????????????????? | | ?????????????????????????????????????????????????? | | ?????????????????????????????????????????????????? | | ?????????????????????????????????????????????????? | | ?????????????????????????????????????????????????? | | ?????????????????????????????????????????????????? | | ?????????????????????????????????????????????????? | | ?????????????????????????????????????????????????? | | ?????????????????????????????????????????????????? | | ?????????????????????????????????????????????????? | | ?????????????????????????????????????????????????? | | ?????????????????????????????????????????????????? | | ?????????????????????????????????????????????????? | | ?????????????????????????????????????????????????? | +----------------------------------------------------+ Best States ------------- Heat Dissipation 28 Energy Generation 5 Energy Capacity 100 Matter Stores 300 Matter Capacity 300 Sight Range 16 Terrain Scan Density 10 Evasion (%) 53 Item Schematics ----------------- None Robot Schematics ------------------ None Fabricated ------------ Nothing Repaired ---------- Nothing Alien Tech Used ----------------- None Achievements -------------- None Challenges ------------ None Game ------ Seed SubatomicMultinovaMace Manual? 0 Play Time 00:09:31 Cumulative 85.9 hours Start 2025.07.24 @ 22:52:56 End 2025.07.24 @ 23:03:40 Sessions 1 Manual Loads 0 Difficulty Rogue Special Mode None Game No. 76 Rogue 76 Adventurer 0 Explorer 0 Win Type - Total 3 Types 3/0/0/0/0/0/0/0/0/0 Lore% 23 Gallery% 44 Achievement% 41 Wizard Run 0 Options --------- Layout 2 ASCII 0 Keyboard 1 Movement Arrows Keybinds 0 Fullscreen 1 Font 32/SmallcapsGlow Map View 50x44 Zoom Use 0% Tactical HUD 1 Map Filters NONE Filters NONE Steam 1 RUN: 0d1efc7d-684e-4080-a6fc-172043c897bb